 Dungeon Crawl Stone Soup version 0.19.5 (webtiles) character file.

9 McKennaii the Skirmisher (level 2, 0/24 HPs)
             Began as a Demonspawn Abyssal Knight on Apr 28, 2017.
             Was a Follower of Lugonu.
             Slain by a giant cockroach (1 damage)
             ... on level 1 of the Dungeon.
             The game lasted 00:01:09 (516 turns).

McKennaii the Skirmisher (Demonspawn Abyssal Knight) Turns: 516, Time: 00:01:09

Health: 0/24       AC:  9    Str: 12    XL:     2   Next: 3%
Magic:  3/3        EV:  5    Int: 13    God:    Lugonu [*.....]
Gold:   26         SH:  0    Dex: 12    Spells: 0 memorised, 1 level left

rFire  . . .     SeeInvis .     a - +1 falchion
rCold  . . .     Gourm    .     e - +1 chain mail "Gaobadghi" {MR+}
rNeg   . . .     Faith    .     (no shield)
rPois  .         Spirit   .     (no helmet)
rElec  .         Reflect  .     (no cloak)
rCorr  .         Harm     .     (no gloves)
MR     +....                    (no boots)
Stlth  ..........               (no amulet)
                                (no ring)
                                (no ring)

@: no status effects
A: rot immunity
a: Depart the Abyss, Renounce Religion


You were on level 1 of the Dungeon.
You worshipped Lugonu.
Lugonu was aware of your devotion.
You were not hungry.

You visited 1 branch of the dungeon, and saw 1 of its levels.
You visited the Abyss 1 time.

You collected 26 gold pieces.

Inventory:

Hand Weapons
 a - a +1 falchion (weapon)
Armour
 b - a +0 leather armour
 e - the +1 chain mail "Gaobadghi" (worn) {MR+}
   (You found it on level 2 of the Abyss)

   It affects your resistance to hostile enchantments.
Scrolls
 h - a scroll of identify {unknown}
Potions
 g - a potion of curing {unknown}
Comestibles
 c - a bread ration
 d - a slice of pizza
 f - a meat ration


   Skills:
 + Level 3.3 Fighting
 + Level 1.8 Long Blades
 + Level 1.9 Armour
 + Level 1.0 Dodging
 + Level 2.6 Invocations


You had one spell level left.
You didn't know any spells.

Dungeon Overview and Level Annotations

Branches:
Dungeon (1/15)

Altars:


Innate Abilities, Weirdness & Mutations

You are immune to rotting.


Message History

The giant cockroach splashes around in the water.
The giant cockroach barely misses you.
Your unstable footing causes you to fumble your attack.
The giant cockroach bites you but does no damage.
The worm bites you.
* * * LOW HITPOINT WARNING * * *
You hit the worm.
The worm is severely wounded.
The giant cockroach barely misses you.
The worm splashes around in the water.
The giant cockroach splashes around in the water.
Your unstable footing causes you to fumble your attack.
The giant cockroach bites you but does no damage.
The worm bites you.
* * * LOW HITPOINT WARNING * * *
You barely miss the worm.
The worm is heavily wounded.
The giant cockroach completely misses you.
You riposte.
You closely miss the giant cockroach. The giant cockroach bites you.
You die...

###### #### [.....
.........=.P♣≈≈≈♣
########...#.$...≈≈≈≈≈P≈
#######..#.........≈.≈≈≈
#........##.............
#........##.............
#........##..♣≈≈≈≈.≈....
#........###♣P≈ws)≈≈≈P≈P
#......'.##≈≈PP≈@≈≈≈≈≈P≈
......÷..###♣P≈≈≈P≈≈≈≈≈≈
.....÷.#.# #.♣≈♣≈≈≈≈≈P≈≈
#......#.####.#♣♣≈≈≈≈≈≈≈
#......#..# #.## ##≈≈≈♣≈
#########.###..#####≈♣♣
#..........##.#
#..........# .#
#..........#


You could see a worm and a giant cockroach.

Vanquished Creatures
  A giant cockroach (D:1)
  2 goblins (D:1)
  3 kobolds (D:1)
  2 rats (D:1)
8 creatures vanquished.

Notes
Turn   | Place    | Note
-------+----------+-------------------------------------------
     0 | Abyss:1  | McKennaii the Demonspawn Abyssal Knight began the quest for the Orb.
     0 | Abyss:1  | Reached XP level 1. HP: 18/18 MP: 2/2
   100 | Abyss:2  | Noticed a small abomination
   102 | Abyss:2  | Got a pitted chain mail
   103 | D:1      | Escaped the Abyss
   114 | D:1      | Identified the +1 chain mail "Gaobadghi" {MR+} (You found it on level 2 of the Abyss)
   132 | D:1      | Reached * piety under Lugonu
   151 | D:1      | Reached skill level 1 in Dodging
   496 | D:1      | Gained mutation: You are immune to rotting. [demonic ancestry]
   496 | D:1      | Reached XP level 2. HP: 23/24 MP: 3/3
   515 | D:1      | HP: 1/24 [worm (6)]
   516 | D:1      | Slain by a giant cockroach

Skill      XL: |  1 |
---------------+----+-----
Dodging        | 1 |  1.0
Fighting       | |  3.3
Long Blades    | |  1.8
Armour         | |  1.9
Invocations    | |  2.6

Action                   || total
-------------------------++-------
Melee: Falchion          ||    65
Invok: Depart the Abyss  ||     1
Armor: Chain mail        ||    67
Dodge: Dodged            ||    15
       Rpst.: Falchion   ||     4
